 Dungeon Crawl Stone Soup version 0.14.1-24-gbdbe590 (webtiles) character file.

242 Kenran the Slasher (level 4, 0/39 HPs)
             Began as a Minotaur Fighter on June 17, 2014.
             Succumbed to a kobold's poison
             ... while paralysed by a potion of paralysis
             ... on Level 4 of the Dungeon.
             The game lasted 00:06:47 (2048 turns).

Kenran the Slasher (Minotaur Fighter)               Turns: 2048, Time: 00:06:48

HP   0/39        AC  8     Str 20      XL: 4   Next: 80%
MP   2/2         EV  2     Int  5      God:
Gold 119         SH  0     Dex 11      Spells:  0 memorised,  3 levels left

rFire  . . .     SeeInvis .     a - +0,+1 long sword
rCold  . . .     Clarity  .     b - +0 scale mail
rNeg   . . .     Conserve .     c - +1 shield
rPois  .         rCorr    +     (helmet restricted)
rElec  .         rRot     .     n - +0 cloak
SustAb . .       Spirit   .     (no gloves)
rMut   .         Warding  .     (no boots)
Saprov . . .     Stasis   .     g - amulet of resist corrosion
MR     .....                    (no ring)
                                (no ring)

@: paralysed, lethally poisoned, not resistant to hostile enchantments,
extremely unstealthy
A: retaliatory headbutt, horns 2
a: no special abilities


You were on level 4 of the Dungeon.
You were not hungry.

You visited 1 branch of the dungeon, and saw 4 of its levels.

You collected 119 gold pieces.

Inventory:

Hand weapons
 a - a +0,+1 long sword (weapon)
Armour
 b - a +0 scale mail (worn)
 c - a +1 shield (worn)
 n - a +0 cloak (worn)
Comestibles
 d - 2 bread rations
 f - an orange
 i - 10 grapes
Scrolls
 k - 3 scrolls of remove curse
 m - 2 scrolls of identify
 o - a scroll of teleportation
Jewellery
 g - an amulet of resist corrosion (around neck)
Potions
 e - 4 potions of might
 j - a potion of heal wounds {unknown}
 l - a potion of confusion


   Skills:
 - Level 3.6 Fighting
 + Level 6.1 Long Blades
 - Level 3.6 Armour
 - Level 3.6 Shields


You had 3 spell levels left.
You didn't know any spells.

Dungeon Overview and Level Annotations

Branches:
Dungeon (4/15)
 Temple: D:4-7

Altars:


Innate Abilities, Weirdness & Mutations

You reflexively headbutt those who attack you in melee.
You have a pair of horns on your head.


Message History

You feel sick.
You can move again.
You hit the giant eyeball. You headbutt the giant eyeball.
You kill the giant eyeball!
* * * LOW HITPOINT WARNING * * *
You feel sick.
There is a lethal amount of poison in your body!
Drink which item? (? for menu, Esc to quit)
You are confused.
It was a potion of confusion.
* * * LOW HITPOINT WARNING * * *
You feel sick.
Drink which item? (? for menu, Esc to quit)
You suddenly lose the ability to move!
It was a potion of paralysis.
* * * LOW HITPOINT WARNING * * *
You feel sick.
You feel less confused.
* * * LOW HITPOINT WARNING * * *
You feel sick.
You die...

..............
......(.........
..................
...................
..................
......>........#
#...............#
#......).((..<..#
#........@......#
...............#
...............#
...............#
..............#
.............#
............#
.......... ...


There were no monsters in sight!

Vanquished Creatures
  A worker ant (D:3)
  Jessica (D:2)
  3 adders
  A worm (D:3)
  A giant eyeball (D:4)
  An ooze (D:1)
  A giant gecko (D:1)
  5 bats
  4 giant cockroaches
  4 goblins
  7 hobgoblins
  3 ball pythons
  7 giant newts
  6 kobolds
  7 rats
52 creatures vanquished.

Notes
Turn   | Place    | Note
--------------------------------------------------------------
     0 | D:1      | Kenran, the Minotaur Fighter, began the quest for the Orb.
     0 | D:1      | Reached XP level 1. HP: 19/19 MP: 1/1
   131 | D:1      | Reached XP level 2. HP: 26/26 MP: 1/1
   493 | D:1      | Reached skill level 4 in Long Blades
   729 | D:2      | Reached XP level 3. HP: 31/31 MP: 2/2
   901 | D:2      | Noticed Jessica
   902 | D:2      | Killed Jessica
   902 | D:2      | Reached skill level 5 in Long Blades
  1350 | D:2      | Reached XP level 4. HP: 39/39 MP: 2/2
  1846 | D:3      | Reached skill level 6 in Long Blades
  2028 | D:4      | Paralysed by a giant eyeball for 4 turns
  2035 | D:4      | Paralysed by a giant eyeball for 4 turns
  2041 | D:4      | Paralysed by a giant eyeball for 3 turns
  2046 | D:4      | Paralysed by a potion of paralysis for 7 turns
  2047 | D:4      | HP: 1/39 [poisoned by a kobold]
  2048 | D:4      | Succumbed to a kobold's poison

Action                   |  1- 3 |  4- 6 || total
-------------------------+-------+-------++-------
Melee: Long sword        |    88 |    28 ||   116
  Use: Scroll            |     4 |     5 ||     9
       Potion            |       |     2 ||     2
